 Dungeon Crawl Stone Soup version 0.30.1-11-g7821555f0a (webtiles) character file.

Game seed: 17861595341942728069

83 comborobin the Chopper (level 4, 0/39 HPs)
             Began as a Hill Orc Delver on Dec 24, 2023.
             Killed from afar by an orc wizard (9 damage)
             ... with a magic dart
             ... on level 4 of the Dungeon.
             The game lasted 00:03:17 (926 turns).

comborobin the Chopper (Hill Orc Delver)             Turns: 926, Time: 00:03:18

Health: 0/39       AC:  3    Str: 16    XL:     4   Next: 44%
Magic:  4/4        EV: 11    Int: 10    God:
Gold:   14         SH:  0    Dex: 12    Spells: 3/3 levels left

rFire   . . .        a - +0 battleaxe
rCold   . . .        (shield currently unavailable)
rNeg    . . .        b - +0 leather armour
rPois   .            (no helmet)
rElec   .            (no cloak)
rCorr   .            (no gloves)
SInv    .            (no boots)
Will    .....        (no amulet)
Stlth   ++           (no ring)
HPRegen 0.26/turn    (no ring)
MPRegen 0.09/turn

%: no passive effects
@: brilliant
A: no striking features
a: no special abilities


You were on level 4 of the Dungeon.
You visited 1 branch of the dungeon, and saw 4 of its levels.

You collected 14 gold pieces.

Inventory:

Hand Weapons
 a - a +0 battleaxe (weapon)
Armour
 b - a +0 leather armour (worn)
Scrolls
 c - a scroll of fog
 e - a scroll of fear
 h - a scroll of identify
Potions
 d - a potion of flight
 f - a potion of haste


   Skills:
 - Level 3.6 Fighting
 + Level 6.0 Axes
 - Level 1.5 Dodging
 - Level 4.1 Stealth


You had 3 spell levels left.
You didn't know any spells.
Your spell library was empty.

Dungeon Overview and Level Annotations

Branches:
Dungeon (6/15)             Temple (0/1) D:6

Altars:
Elyvilon
Kikubaaqudgha
Xom

Shops:
D:5 (

Annotations:
D:3 Natasha
D:4 Duvessa
D:5 exclusions: downstairs and 2 scorpions


Message History

Something hits you but does no damage. The dart slug launches a dart at you.
The slug dart hits you but does no damage.
Something hits you but does no damage.
You bump into the rock wall.
You hear some strange, mumbled words.
A magic dart appears from out of thin air!
The magic dart hits you!
You bump into the rock wall.
The dart slug bites you but does no damage.
A ball python comes into view.
You hear some strange, mumbled words.
A magic dart appears from out of thin air!
The magic dart hits you.
You miss something.
The ball python hisses angrily.
You slash the dart slug!
You kill the dart slug!
You feel less confused. Something hits you.
You hit the ball python.
You kill the ball python!
You barely miss something. Something hits you but does no damage.
You hit something but do no damage. Something hits you. x2
No target in view!
You barely miss something. Something hits you but does no damage.
You closely miss something. Something hits you.
You hear some strange, mumbled words.
A magic dart appears from out of thin air!
The magic dart hits you!
You closely miss something. Something hits you.
* * * LOW HITPOINT WARNING * * *
You closely miss something. Something hits you.
* * * LOW HITPOINT WARNING * * *
It was a potion of brilliance.
You feel clever all of a sudden.
You hear some strange, mumbled words.
A magic dart appears from out of thin air!
The magic dart hits you!
You die...

*,*,*,,,,,,*,** ##.#*#.#*
*,*,*,,,,,,*,**#####.s# #.#######
,,*,,,,,,,,,,,,.......###........
*************,****#.......##.##.#
*,* #.#........##.# *,*
##...#.#.#####.# *,*
##.####.#.####... ##.###)##
#.#.....#.. #...†@{.# #.#######._
#(##.##.#**#.#** #..
*,#..**.#*,...,* **###
*....**.#*,...,* *,##Z
#.#.#**.#*,.e.,* *,###
#.#<***.#*.....* *,###
#,..,,,.#*,,,,>* *,*
**#.,,,,,******* *,* *,****,* *,*


You could see a scorpion.

Vanquished Creatures
  2 hounds
  An adder (D:4)
  A dart slug (D:4)
  3 orcs (D:4)
  A giant cockroach (D:4)
  A goblin (D:4)
  A hobgoblin (D:4)
  2 ball pythons (D:4)
12 creatures vanquished.

Vanquished Creatures (others)
  A human (D:4)
1 creature vanquished.

Grand Total: 13 creatures vanquished

Notes
Turn   | Place    | Note
-------+----------+-------------------------------------------
     0 | D:5      | comborobin the Hill Orc Delver began the quest for the Orb.
     0 | D:5      | Reached XP level 1. HP: 19/19 MP: 1/1
    20 | D:5      | Found Qayshrigg's Antique Weapon Shop.
   128 | D:6      | Noticed an ice beast
   216 | D:5      | Noticed a scorpion
   238 | D:5      | Found a shimmering altar of Xom.
   250 | D:5      | Noticed a hound
   255 | D:5      | Noticed a scorpion
   279 | D:5      | Killed a hound
   280 | D:5      | Reached skill level 4 in Axes
   280 | D:5      | Reached XP level 2. HP: 4/26 MP: 2/2
   280 | D:5      | Reached XP level 3. HP: 5/31 MP: 3/3
   402 | D:5      | Noticed a water moccasin
   461 | D:4      | Reached skill level 5 in Axes
   584 | D:4      | Found a white marble altar of Elyvilon.
   720 | D:4      | Noticed a scorpion
   741 | D:3      | Noticed Natasha
   792 | D:4      | Reached XP level 4. HP: 29/39 MP: 4/4
   882 | D:4      | Found an ancient bone altar of Kikubaaqudgha.
   886 | D:4      | Noticed a human
   888 | D:4      | Killed a human
   899 | D:4      | Noticed Duvessa
   912 | D:4      | Reached skill level 6 in Axes
   926 | D:4      | Killed from afar by an orc wizard

Illustrated notes

Levels and vault maps discovered:
D:3:      layout_basic, chequers_mini_garden, kennysheep_donut, uniq_natasha,
          uniq_jessica, uniq_sigmund
D:4:      layout_loops_cross, kennysheep_little_box, tgw_kikubaaqudgha,
          minmay_misc_feat_x, uniq_duvessa
D:5:      layout_loops_corners, kennysheep_mini, nicolae_overflow_crystal_walls,
          serial_shops, nicolae_shop_trees, moated_statue
D:6:      layout_loops_ring, amcnicky_altar_gilded,
          mainiacjoe_overflow_alcove_1, temple_fountains

Skill      XL: |  1  2  3  4 |
---------------+-------------+-----
Axes           | 4 5 6 |  6.0
Fighting       | |  3.6
Dodging        | |  1.5
Stealth        | |  4.1

Action                     |  1- 3 |  4- 6 || total
---------------------------+-------+-------++-------
  Melee: Hand axe          |    19 |       ||    19
         Battleaxe         |     9 |    19 ||    28
  Evoke: Wand              |     2 |     1 ||     3
    Use: Scroll            |     4 |       ||     4
         Potion            |       |     1 ||     1
   Stab: Sleeping          |     2 |       ||     2
 Armour: Leather armour    |    12 |     8 ||    20
  Dodge: Dodged            |    18 |     9 ||    27
